 Dungeon Crawl Stone Soup version 0.30-a0-643-g638baaf3f0 (webtiles) character file.

Game seed: 15285879510512209869

264 Citaku the Covered (level 5, -6/47 HPs)
             Began as a Minotaur Fighter on Jan 16, 2023.
             Killed from afar by an orc wizard (9 damage)
             ... with a puff of flame
             ... on level 3 of the Dungeon.
             The game lasted 00:01:58 (1481 turns).

Citaku the Covered (Minotaur Fighter)               Turns: 1481, Time: 00:01:58

Health: -6/47      AC:  7    Str: 23    XL:     5   Next: 98%
Magic:  4/4        EV:  9    Int:  5    God:
Gold:   145        SH:  0    Dex:  9    Spells: 4/4 levels left

rFire   . . .      SeeInvis .    a - +0 war axe
rCold   . . .      Faith    .    c - +0 buckler
rNeg    . . .      Spirit   .    b - +0 scale mail
rPois   .          Reflect  .    (helmet restricted)
rElec   .          Harm     .    (no cloak)
rCorr   .          Rampage  .    (no gloves)
Will    .....                    (no boots) Stlth
                                 (no amulet)
HPRegen 0.27/turn                (no ring)
MPRegen 0.09/turn                (no ring)

@: confused
A: horns 2, retaliatory headbutt, mutation resistance 1
a: no special abilities


You were on level 3 of the Dungeon.
You visited 1 branch of the dungeon, and saw 3 of its levels.

You collected 145 gold pieces.

Inventory:

Hand Weapons
 a - a +0 war axe (weapon)
Armour
 b - a +0 scale mail (worn)
 c - a +0 buckler (worn)
Wands
 d - a wand of flame (14)
Scrolls
 g - a scroll of fear {unknown}
 h - a scroll of butterflies {unknown}
 m - a scroll of acquirement {unknown}
 n - a scroll of identify {unknown}
Potions
 e - a potion of mutation
 f - a potion of attraction {unknown}
 i - 2 potions of curing {unknown}
 j - 2 potions of heal wounds {unknown}
 k - a potion of invisibility {unknown}
 l - a potion of brilliance {unknown}


   Skills:
 + Level 4.7 Fighting
 * Level 4.7 Axes
 * Level 5.5 Armour
 + Level 4.6 Shields


You had 4 spell levels left.
You didn't know any spells.
Your spell library was empty.

Dungeon Overview and Level Annotations

Branches:
Dungeon (3/15)

Altars:
Uskayaw

Shops:
D:3 *


Innate Abilities, Weirdness & Mutations

You have a pair of horns on your head.
You reflexively headbutt those who attack you in melee.
You are somewhat resistant to further mutation.


Message History

You hit the orc but do no damage.
The orc is heavily wounded.
You completely miss something. The orc hits you but does no damage.
Something hits you but does no damage.
You closely miss the orc.
The orc is heavily wounded.
You closely miss something. The orc completely misses you. Something hits you.
The orc hits you but does no damage. Something hits you but does no damage.
You hit the orc.
You kill the orc!
You barely miss something.
You hear some strange, mumbled words.
A puff of flame appears from out of thin air!
The puff of flame hits you.
* * * LOW HITPOINT WARNING * * *
Something hits you but does no damage.
A magic dart appears from out of thin air!
The magic dart hits you.
* * * LOW HITPOINT WARNING * * *
Items here: )) †††.
Something hits you but does no damage.
You see here a +0 flail.
Something hits you.
* * * LOW HITPOINT WARNING * * *
Something hits you but does no damage.
There is a hide-covered altar of Uskayaw here.
You closely miss something.
You hear some strange, mumbled words.
You are confused.
Something hits you but does no damage.
You hear some strange, mumbled words.
A puff of flame appears from out of thin air!
The puff of flame hits you.
* * * LOW HITPOINT WARNING * * *
It was a potion of mutation.
You feel extremely strange.
You feel genetically stable.
You hear some strange, mumbled words.
A puff of flame appears from out of thin air!
The puff of flame hits you!
You die...

### #### # ... ...#
#. #.. ... ... #..
..# ....#.. #.###
..?.... ##..$# ###
.......##{...##....
#...))._......#
##.##)..@##..## #
#...## ..# #.
###.###..#
#.####..$...#
#...........#
###.....#####
##.......##
#.........#
+.........+


There were no monsters in sight!

Vanquished Creatures
  Sigmund (D:2)
  An orc priest (D:3)
  2 adders (D:2)
  A worm (D:2)
  2 dart slugs (D:1)
  6 orcs (D:3)
  3 ball pythons
  7 endoplasms
  A giant cockroach (D:3)
  2 goblins
  2 hobgoblins
  5 kobolds
  2 quokkas (D:1)
  5 bats
  2 frilled lizards
  5 rats
47 creatures vanquished.

Vanquished Creatures (others)
  An orc wizard (D:3)
  9 plants (D:1)
  5 toadstools (D:1)
15 creatures vanquished.

Grand Total: 62 creatures vanquished

Notes
Turn   | Place    | Note
-------+----------+-------------------------------------------
     0 | D:1      | Citaku the Minotaur Fighter began the quest for the Orb.
     0 | D:1      | Reached XP level 1. HP: 19/19 MP: 0/0
   172 | D:1      | Reached XP level 2. HP: 27/27 MP: 1/1
   229 | D:1      | Found a faded altar of an unknown god.
   235 | D:1      | Reached skill level 4 in Armour
   861 | D:2      | Reached XP level 3. HP: 33/33 MP: 2/2
  1149 | D:2      | Noticed Sigmund
  1153 | D:2      | Killed Sigmund
  1154 | D:2      | Reached skill level 5 in Armour
  1154 | D:2      | Reached XP level 4. HP: 34/41 MP: 3/3
  1154 | D:2      | Reached XP level 5. HP: 39/47 MP: 4/4
  1315 | D:3      | Found Koimiz's Assorted Antiques.
  1440 | D:3      | Found a hide-covered altar of Uskayaw.
  1480 | D:3      | HP: 2/47 [something/puff of flame (5)]
  1481 | D:3      | Gained mutation: You are somewhat resistant to further
                  | mutation. [potion of mutation]
  1481 | D:3      | Killed from afar by an orc wizard

Illustrated notes

Levels and vault maps discovered:
D:1:      ldierk_walled_garden, layout_basic, hellmonk_ecumenical_altar_blasted,
          chequers_serial_rivers_micro_a, serial_bayou_pond_c
D:2:      layout_basic, minmay_split_cup_small, uniq_sigmund,
          uniq_crazy_yiuf_cottage
D:3:      cheibrodos_thug_alley, layout_loops_corners,
          nicolae_overflow_crystal_walls, serial_shops, nicolae_shop_trees,
          nicolae_shop_crystal, nicolae_shop_trees, nicolae_shop_behind_doors,
          shop, kennysheep_generic_room_3

Skill      XL: |  1  2  3 |
---------------+----------+-----
Armour         | 4 5 |  5.5
Axes           | 3 4 |  4.7
Fighting       | 4 |  4.7
Shields        | 4 |  4.6

Action                   |  1- 3 |  4- 6 || total
-------------------------+-------+-------++-------
Melee: War axe           |    61 |    34 ||    95
       Headbutt          |     6 |     3 ||     9
  Use: Potion            |     1 |     1 ||     2
Armor: Scale mail        |    28 |    24 ||    52
Dodge: Dodged            |    24 |    18 ||    42
Block: Buckler           |    11 |     1 ||    12

Table legend: (Time is in decaauts)
 A = Elapsed time spent in this place.
 B = Non-inter-level travel time spent in this place.
 C = Inter-level travel time spent in this place.
 D = Time resting spent in this place.
 E = Time spent auto-exploring this place.
 F = Levels seen in this place.
 G = Mean time per level.
                   A        B        C        D        E       F      G
               +--------+--------+--------+--------+--------+-----+--------+
         Total |   1520 |   1473 |     47 |      0 |   1217 |   3 |  506.7 |
       Dungeon |   1520 |   1473 |     47 |      0 |   1217 |   3 |  506.7 |
               +--------+--------+--------+--------+--------+-----+--------+

Top non-repeatable levels by time:
     D:1: 879 daAuts
     D:2: 429 daAuts
     D:3: 211 daAuts
